 Dungeon Crawl Stone Soup version 0.27.0-65-ge2af304b15 (webtiles) character file.

Game seed: 13204195636081965833

7508 robertstho the Thaumaturge (level 11, -13/76 HPs)
             Began as a Djinni Fire Elementalist on Aug 18, 2021.
             Was an Initiate of Gozag.
             Mangled by a harpy simulacrum (17 damage)
             ... in an ice cave.
             The game lasted 00:17:24 (13949 turns).

robertstho the Thaumaturge (DjFE)                  Turns: 13949, Time: 00:17:25

Health: -13/76     AC:  2    Str:  7    XL:     11   Next: 38%
Gold:   1933       EV: 13    Int: 20    God:    Gozag SH:  0 Dex: 14

rFire    + + +     SeeInvis .   b - +7 lajatang of Order {silver, rMut}
rCold    . . .     Faith    .   (shield currently unavailable)
rNeg     . . .     Spirit   .   a - +0 robe
rPois    ∞         Reflect  .   (no helmet)
rElec    .         Harm     .   j - scarf {rC+ rF+}
rCorr    .         Rampage  .   (no gloves)
rMut     +                      (boots unavailable)
Will     +....                  d - amulet of the acrobat
Stlth    +++.......             (no ring)
HPRegen  0.22/turn              (no ring)
MPRegen  0.00/turn

@: flying, studying Armour
A: sickness immunity, fire resistance 2, cold vulnerability 1, float, innate
caster, hp casting, extra vitality 1
a: Renounce Religion, Potion Petition, Call Merchant, Bribe Branch


You were in an ice cave.
You worshipped Gozag.
Gozag was most pleased with you.
You visited 2 branches of the dungeon, and saw 10 of its levels.
You also visited: Sewer and Ice Cave.

You collected 2038 gold pieces.
You paid 105 gold pieces to Gozag.

Inventory:

Hand Weapons
 b - the +7 lajatang of Order (weapon) {silver, rMut}
   (You acquired it on level 4 of the Dungeon)

   It inflicts extra damage upon those it strikes, and deals substantially
   increased damage to chaotic, mutated and magically transformed beings.
   rMut:      It protects you from mutation.
 h - a +0 short sword
 k - a +1 dagger of electrocution
 r - a +3 vorpal dire flail
Armour
 a - a +0 robe (worn)
 j - a scarf of resistance (worn)
 s - a +2 scale mail of cold resistance
Jewellery
 d - an amulet of the acrobat (around neck)
 t - a ring of ice
Scrolls
 f - 2 scrolls of teleportation
 g - a scroll of enchant armour
 n - a scroll of fear
 q - 2 scrolls of enchant weapon
 x - a scroll of vulnerability {unknown}
Potions
 c - a potion of invisibility
 e - 5 potions of curing
 l - 3 potions of haste {unknown}
 o - 4 potions of mutation {unknown}
 p - 2 potions of magic {unknown}
 u - a potion of ambrosia
 v - 2 potions of heal wounds {unknown}


   Skills:
 * Level 6.3 Fighting
 + Level 5.0 Staves
 + Level 4.1 Dodging
 + Level 4.0 Stealth
 * Level 10.7 Spellcasting


You had 2 spell levels left.
You knew the following spells:

 Your Spells              Type           Power      Damage    Failure   Level
a - Foxfire               Conj/Fire      100%       2x1d9     1%          1
b - Conjure Flame         Conj/Fire      52%        6-21      1%          3
c - Inner Flame           Hex/Fire       52%        N/A       1%          3
d - Sticky Flame          Conj/Fire      52%        2d7       1%          4
e - Fireball              Conj/Fire      26%        3d12      2%          5
f - Beastly Appendage     Tmut           100%       N/A       1%          1
g - Corpse Rot            Necr/Air       N/A        N/A       1%          2
h - Searing Ray           Conj           100%       3d7       1%          2
i - Olgreb's Toxic Radia  Pois           52%        N/A       1%          4
j - Dispel Undead         Necr           52%        3d19      1%          4
Your spell library was empty.

Dungeon Overview and Level Annotations

Branches:
Dungeon (11/15)            Temple (1/1) D:6             Orc (0/2) D:11
  Sewer (visited)           IceCv (1/1)
   Lair: D:8-11

Altars:
Gozag
Nemelex Xobeh
Qazlal
Vehumet
Yredelemnul
Zin

Annotations:
D:8 Daunt's ghost, novice HOFi


Innate Abilities, Weirdness & Mutations

You are immune to sickness and miasma.
You are immune to poison.
Your flesh is very heat resistant. (rF++)
You are vulnerable to cold. (rC-)
You float through the air rather than walking.
You learn spells naturally, not from books.
Your magical power is your life essence.
You have superior vitality. (+4 HP)


Message History

Confirm with . or Enter, or press ? or * to list all spells.
Aiming: Fireball (dangerous; 2% risk of failure)
Press: ? - help, Shift-Dir - straight line, p - ice devil The fireball explodes!
The fireball engulfs the ice devil!!!
The ice devil is burned terribly!
You kill the ice devil!
Unknown command.
Unknown command.
Casting: Fireball (dangerous; 2% risk of failure)
Confirm with . or Enter, or press ? or * to list all spells.
Aiming: Fireball (dangerous; 2% risk of failure)
Press: ? - help, Shift-Dir - straight line The fireball explodes!
The fireball engulfs the ice devil!
The ice devil is burned terribly!
The ice devil is severely wounded.
Unknown command.
Unknown command.
Casting: Fireball (dangerous; 2% risk of failure)
Confirm with . or Enter, or press ? or * to list all spells.
Aiming: Fireball (dangerous; 2% risk of failure)
Press: ? - help, Shift-Dir - straight line, f - you That beam is likely to hit you.
Continue anyway?
Okay, then.
A death yak simulacrum comes into view.
A harpy simulacrum comes into view.
You see here 7 gold pieces.
Casting: Fireball (dangerous; 2% risk of failure)
Confirm with . or Enter, or press ? or * to list all spells.
Aiming: Fireball (dangerous; 2% risk of failure)
Press: ? - help, Shift-Dir - straight line, f - ice devil
Aim: an ice devil (severely wounded)
The fireball explodes!
The fireball engulfs the ice devil!
The ice devil is burned terribly!
The ice devil is almost dead.
The harpy simulacrum claws you! The harpy simulacrum freezes you!!
* * * LOW HITPOINT WARNING * * *
The harpy simulacrum claws you.
* * * LOW HITPOINT WARNING * * *
The harpy simulacrum freezes you!
You die...
Your body crumbles into a pile of gold.

#.∩.∩.......#........
#.......##....#
##....#####..##
##..###≈#..##
#####≈≈≈≈≈##
#≈≈≈≈≈≈≈# #≈≈≈≈≈####
#≈#≈####.##
##.@###...##
##ZZ...#..#
#.....##..##
#.....###..#
#...4...# #..#
#........###$.#
##.......# $.#
##......# #..#
#......# #.#


You could see an ice devil, a death yak simulacrum and a harpy simulacrum.

Vanquished Creatures
  4 ice devils (IceCv)
  3 anaconda simulacra (IceCv)
  2 freezing wraiths (IceCv)
  A troll (D:8)
  A yak (D:4)
  A wyvern (D:11)
  4 steam dragons
  Edmund (D:4)
  A death yak simulacrum (IceCv)
  2 harpy simulacra (IceCv)
  3 water moccasins
  2 orc warriors
  An ice beast (D:6)
  A necrophage (D:5)
  2 black bears
  2 ogres
  A centaur (D:4)
  Blork the orc (D:4)
  A phantom (D:6)
  3 bullfrogs
  A gnoll sergeant (D:7)
  A water moccasin zombie (D:5)
  4 cane toad simulacra (IceCv)
  A two-headed ogre simulacrum (IceCv)
  4 scorpions
  An elephant simulacrum (IceCv)
  5 killer bees (D:6)
  4 howler monkeys
  A bullfrog skeleton (D:5)
  4 orc priests
  2 centaur skeletons
  2 hounds
  3 iguanas
  16 orc wizards
  A spriggan simulacrum (IceCv)
  2 polar bear simulacra (IceCv)
  A killer bee zombie (D:5)
  A troll simulacrum (IceCv)
  3 wolf simulacra (IceCv)
  A howler monkey zombie (D:8)
  4 gnolls (D:7)
  A howler monkey skeleton (D:5)
  11 adders
  A naga simulacrum (IceCv)
  A shadow imp (D:6)
  3 white imps
  2 ufetubi
  2 worms (D:4)
  26 orcs
  7 endoplasms
  3 giant cockroaches
  6 goblins
  6 hobgoblins
  20 jackals
  15 kobolds
  5 quokkas
  7 ball pythons
  7 bats
  10 frilled lizards
  8 rats
240 creatures vanquished.

Vanquished Creatures (collateral kills)
  5 foxfires (Sewer)
5 creatures vanquished.

Vanquished Creatures (others)
  843 foxfires
  5 plants (Sewer)
848 creatures vanquished.

Grand Total: 1093 creatures vanquished

Notes
Turn   | Place    | Note
-------+----------+-------------------------------------------
     0 | D:1      | robertstho the Djinni Fire Elementalist began the quest for
                  | the Orb.
     0 | D:1      | Reached XP level 1. HP: 15/15 MP: 0/0
   437 | D:1      | Reached XP level 2. HP: 13/21 MP: 0/0
   962 | D:1      | Reached skill level 3 in Spellcasting
   966 | D:1      | Reached XP level 3. HP: 17/26 MP: 0/0
   966 | D:1      | Learned a level 1 spell: Beastly Appendage
  2076 | D:2      | Reached XP level 4. HP: 29/31 MP: 0/0
  2280 | D:2      | Found a faded altar of an unknown god.
  2339 | D:2      | Reached skill level 1 in Fighting
  2775 | D:3      | Noticed a black bear
  2782 | D:3      | Killed a black bear
  2783 | D:3      | Reached skill level 4 in Spellcasting
  2783 | D:3      | Reached XP level 5. HP: 30/37 MP: 0/0
  2783 | D:3      | Learned a level 2 spell: Corpse Rot
  2793 | D:3      | Noticed a steam dragon
  2801 | D:3      | Killed a steam dragon
  2802 | D:3      | Reached XP level 6. HP: 15/43 MP: 0/0
  4543 | D:4      | Reached skill level 5 in Spellcasting
  4543 | D:4      | Reached XP level 7. HP: 45/49 MP: 0/0
  4543 | D:4      | Learned a level 2 spell: Searing Ray
  4790 | D:4      | Found a glowing drain.
  4806 | Sewer    | Entered a sewer
  6045 | D:4      | Noticed a yak
  6060 | D:4      | Killed a yak
  6061 | D:4      | Reached skill level 6 in Spellcasting
  6061 | D:4      | Reached XP level 8. HP: 29/56 MP: 0/0
  6250 | D:4      | Noticed Blork the orc
  6251 | D:4      | Noticed Edmund
  6261 | D:4      | Killed Blork the orc
  6273 | D:4      | Killed Edmund
  6761 | D:5      | Entered Level 5 of the Dungeon
  6843 | D:5      | Reached skill level 7 in Spellcasting
  7142 | D:4      | Identified 2 scrolls of acquirement
  7148 | D:4      | Acquired the +7 lajatang of Order {silver, rMut}
  7148 | D:4      | Found the +7 lajatang of Order {silver, rMut}
  7150 | D:4      | Acquired 1198 gold pieces
  7351 | D:5      | Found a glowing silver altar of Zin.
  7642 | D:5      | Reached XP level 9. HP: 33/62 MP: 0/0
  7642 | D:5      | Learned a level 4 spell: Olgreb's Toxic Radiance
  7804 | D:5      | Reached skill level 1 in Staves
  9685 | D:6      | Found a staircase to the Ecumenical Temple.
  9792 | Temple   | Entered the Ecumenical Temple
  9826 | Temple   | Became a worshipper of Gozag Ym Sagoz the Greedy
 10301 | D:7      | Reached skill level 8 in Spellcasting
 10375 | D:7      | Reached skill level 5 in Fighting
 10375 | D:7      | Reached XP level 10. HP: 48/70 MP: 0/0
 11953 | D:8      | Reached skill level 9 in Spellcasting
 12753 | D:8      | Found a runed translucent door.
 12753 | D:8      | Noticed Daunt's ghost (novice HOFi)
 12753 | D:8      | You are sucked into a shaft and drop 3 floors!
 12848 | D:11     | Found a frozen archway.
 12851 | D:11     | Noticed an unseen horror
 12854 | IceCv    | Entered an ice cave
 13169 | IceCv    | Noticed a freezing wraith
 13172 | IceCv    | Killed a freezing wraith
 13202 | IceCv    | Reached XP level 11. HP: 23/76 MP: 0/0
 13202 | IceCv    | Learned a level 4 spell: Dispel Undead
 13493 | IceCv    | Reached skill level 10 in Spellcasting
 13501 | IceCv    | Reached skill level 5 in Staves
 13949 | IceCv    | Mangled by a harpy simulacrum

Illustrated notes

Levels and vault maps discovered:
D:1:      wander_arrival_lonely_grave, layout_basic
D:2:      layout_loops_ring, basic_ecumenical_altar
D:3:      layout_basic
D:4:      layout_basic, cheibrodos_sewer_entry_sluice, minmay_manual_mullet,
          uniq_blork_the_orc, uniq_edmund
D:5:      layout_rooms, kennysheep_mini_moat, columned_hall_lemuel
D:6:      minmay_flawed_box, layout_basic, temple_green, lemuel_flame_loot_1
D:7:      layout_basic
D:8:      layout_loops_corners, nicolae_vehumet_radiance, gammafunk_ghost_grave
D:11:     minmay_clustersquares, layout_basic, david_orc_4,
          portal_ice_cave_entry_pillars_2, uniq_josephine, uniq_grum
Temple:   regret_index_temple_sphere_string
IceCv:    ice_cave_small_necro

Skill      XL: |  1  2  3  4  5  6  7  8  9 10 11 |
---------------+----------------------------------+-----
Spellcasting   | 3 4 5 6 7 8 9 10 | 10.7
Stealth        | 2 3 4 |  4.0
Fighting       | 1 2 3 5 6 |  6.3
Staves         | 4 5 |  5.0
Dodging        | 3 4 |  4.1

Action                   |  1- 3 |  4- 6 |  7- 9 | 10-12 || total
-------------------------+-------+-------+-------+-------++-------
Melee: Unarmed           |     5 |       |       |       ||     5
       Lajatang          |       |       |    56 |     5 ||    61
       Dagger            |       |       |     4 |       ||     4
 Cast: Foxfire           |    96 |   147 |   218 |    32 ||   493
       Fireball          |       |       |     5 |    79 ||    84
       Sticky Flame      |       |       |    23 |     6 ||    29
  Use: Scroll            |       |       |     9 |     6 ||    15
       Potion            |       |       |     1 |       ||     1
 Stab: Sleeping          |       |       |     1 |       ||     1
Armor: Robe              |     5 |     4 |    13 |     2 ||    24
Dodge: Dodged            |    18 |     7 |    79 |     8 ||   112
